 Dungeon Crawl Stone Soup version 0.19-a0-1886-gd64a0f0 (webtiles) character file.

1310 Deemzul the Slasher (level 8, 0/85 HPs)
             Began as an Octopode Berserker on Oct 15, 2016.
             Was an Elder of Trog.
             Slain by an orc
             ... wielding a +0 hand axe
              (4 damage)
             ... on level 5 of the Dungeon.
             The game lasted 00:06:36 (4719 turns).

Deemzul the Slasher (Octopode Berserker)            Turns: 4719, Time: 00:06:37

Health: 0/85       AC:  1    Str: 21    XL:     8   Next: 58%
Magic:  8/8        EV: 14    Int:  9    God:    Trog [****..]
Gold:   326        SH:  0    Dex: 14    Spells: 0 memorised, 7 levels left

rFire  . . .     SeeInvis .     m - +2 dagger (venom)
rCold  . . .     Gourm    .     (no shield)
rNeg   . . .     Faith    .     (helmet restricted)
rPois  .         Spirit   .     (no amulet)
rElec  .         Dismiss  .     (no ring)
rCorr  .         Reflect  .     (no ring)
MR     .....     Harm     .     (no ring)
Stlth  ..........               (no ring)
                                (no ring)
                                (no ring)
                                (no ring)
                                (no ring)

@: berserking, very quick
A: almost no armour, stealthy swim, amphibious, 8 rings, constrict 8, camouflage
1, gelatinous body 1
a: Berserk, Trog's Hand, Brothers in Arms, Burn Spellbooks, Renounce Religion


You were on level 5 of the Dungeon.
You worshipped Trog.
Trog was greatly pleased with you.
You were hungry.

You visited 1 branch of the dungeon, and saw 5 of its levels.
You also visited: Sewer.

You collected 326 gold pieces.

Inventory:

Hand Weapons
 a - a +0 falchion
 m - a +2 dagger of venom (weapon)
Missiles
 g - 2 curare-tipped needles
Scrolls
 d - 4 scrolls of remove curse {unknown}
 e - a scroll of magic mapping
 f - 2 scrolls of enchant armour
 h - 6 scrolls of identify
 j - 3 scrolls of teleportation
 t - a scroll of fog {unknown}
Potions
 k - a potion of cure mutation {unknown}
 n - a potion of heal wounds {unknown}
 o - a potion of haste
 p - a potion of curing
 r - 2 potions of flight
 u - a potion of cancellation {unknown}
Books
 s - a book of Necromancy

   Spells                             Type                      Level
   a - Pain                           Necromancy                   1
   b - Animate Skeleton               Necromancy                   1
   c - Vampiric Draining              Necromancy                   3
   d - Regeneration                   Charms/Necromancy            3
   e - Animate Dead                   Necromancy                   4
   f - Control Undead                 Necromancy                   4
   Trog disapproves of the use of such an item.
Comestibles
 b - 9 bread rations
 c - 6 meat rations
 i - 3 chunks of flesh
 q - a royal jelly


   Skills:
 + Level 5.7 Fighting
 * Level 7.9 Long Blades
 - Level 3.0 Dodging
 + Level 7.0 Stealth


You had 7 spell levels left.
You didn't know any spells.

Dungeon Overview and Level Annotations

Branches:
Dungeon (5/15)             Temple (0/1) D:5

Altars:
Kikubaaqudgha
Okawaru
Ru
Uskayaw
The Shining One

Shops:
D:5 =

Annotations:
D:5 Deemzul's ghost, amateur OpBe


Innate Abilities, Weirdness & Mutations

You cannot wear most types of armour.
You are very stealthy in the water. (Stealth+)
You are amphibious.
You can wear up to eight rings at the same time.
You can use your tentacles to constrict eight enemies at once.
Your skin changes colour to match your surroundings (Stealth+).
Your rubbery body absorbs attacks. (AC +1, EV +1)


Message History

Unknown command.
You hit the orc priest.
The orc priest is poisoned.
You grab the orc priest.
The orc priest is lightly wounded.
You constrict the orc priest. The orc hits you with a hand axe!
* * * LOW HITPOINT WARNING * * *
Unknown command.
It was a potion of curing.
You feel better.
You constrict the orc priest.
The orc priest hits you with a falchion!
* * * LOW HITPOINT WARNING * * *
You aren't carrying any items that you can evoke.
Okay, then.
A red film seems to cover your vision as you go berserk!
You feel yourself moving faster!
You feel mighty!
You are feeling hungry.
You constrict the orc priest.
You feel the power of Trog in you as your rage grows.
You kill the orc priest!
Trog accepts your kill. The orc hits you with a hand axe.
You die...

,,,#..........#.#
,**#.####.#####[#
,* #.# #.......#
,* #.# #########
,* #.# ,*
#.############# ,*
#.............# ,*
#############)#
,*****##########@#
,,,,,,o.o.....oo)#
******##########.#
###


You could see an orc wizard and an orc.

Vanquished Creatures
  2 ogres (D:4)
  A centaur (D:4)
  The ghost of Deemzul the Ducker, an amateur OpFi (D:4)
  A big kobold (Sewer)
  2 scorpions
  2 crimson imps (D:5)
  A bullfrog zombie (D:5)
  2 hounds
  2 bullfrog skeletons
  Crazy Yiuf (D:2)
  7 orc priests
  An iguana (D:5)
  4 worker ants
  9 adders
  A river rat (Sewer)
  6 worms
  2 dart slugs
  5 leopard geckos
  12 orcs
  9 bats
  17 giant cockroaches
  8 goblins
  4 hobgoblins
  10 jackals
  12 kobolds
  2 quokkas
  2 ball pythons
  A frilled lizard (D:1)
  A jackal zombie (D:5)
  A leopard gecko skeleton (D:4)
  A quokka zombie (D:5)
  13 rats
  A plant (D:3)
144 creatures vanquished.

Vanquished Creatures (others)
  A human (D:2)
1 creature vanquished.

Grand Total: 145 creatures vanquished

Notes
Turn   | Place    | Note
-------+----------+-------------------------------------------
     0 | D:1      | Deemzul the Octopode Berserker began the quest for the Orb.
     0 | D:1      | Reached XP level 1. HP: 16/16 MP: 1/1
    26 | D:1      | Reached skill level 1 in Stealth
    31 | D:1      | Reached XP level 2. HP: 12/21 MP: 2/2
   266 | D:1      | Reached XP level 3. HP: 25/26 MP: 3/3
   370 | D:1      | Reached ** piety under Trog
   662 | D:2      | Found a runed door.
   767 | D:2      | Found an ancient bone altar of Kikubaaqudgha.
   777 | D:2      | Noticed a human
   778 | D:2      | Killed a human
  1145 | D:2      | Noticed Crazy Yiuf
  1152 | D:2      | Killed Crazy Yiuf
  1152 | D:2      | Reached XP level 4. HP: 12/31 MP: 4/4
  1495 | D:3      | Reached XP level 5. HP: 26/37 MP: 5/5
  1785 | D:3      | Found a glowing golden altar of the Shining One.
  1968 | D:3      | Reached *** piety under Trog
  2323 | D:4      | Reached skill level 5 in Long Blades
  2338 | D:4      | Noticed a centaur
  2349 | D:4      | Killed a centaur
  2349 | D:4      | Reached XP level 6. HP: 11/43 MP: 6/6
  2621 | D:4      | HP: 3/64 [poisoned by an adder]
  2626 | D:4      | HP: 2/43 [poisoned by an adder]
  2957 | D:4      | Reached XP level 7. HP: 49/49 MP: 7/7
  3346 | D:5      | Entered Level 5 of the Dungeon
  3413 | D:5      | Reached skill level 5 in Stealth
  3417 | D:5      | Found Tennuibb's Jewellery Boutique.
  3457 | D:5      | Found an ancient bone altar of Kikubaaqudgha.
  3482 | D:5      | Found a sacrificial altar of Ru.
  3500 | D:5      | Found a glowing drain.
  3541 | Sewer    | Entered a sewer
  3640 | Sewer    | Reached **** piety under Trog
  3861 | Sewer    | Found a white marble altar of Elyvilon.
  3949 | D:5      | Noticed Deemzul's ghost (amateur OpBe)
  4097 | D:5      | Found an iron altar of Okawaru.
  4099 | D:5      | Found a hide-covered altar of Uskayaw.
  4111 | D:4      | Noticed Deemzul's ghost (amateur OpFi)
  4123 | D:4      | Killed Deemzul's ghost
  4123 | D:4      | Reached skill level 5 in Fighting
  4123 | D:4      | Reached XP level 8. HP: 55/55 MP: 8/8
  4717 | D:5      | HP: 2/57 [orc/hand axe (9)]
  4719 | D:5      | Slain by an orc

Vault maps used:
D:1:      dpeg_arrival_pits, st_stairs_9
D:2:      supply_closet_lemuel, tgw_kikubaaqudgha, uniq_crazy_yiuf_cottage
D:3:      minmay_roachtagon, lemuel_doored_altar, lexackson_kobold_supper
D:5:      kennysheep_mini, nicolae_overflow_hidden_temple, portal_sewer_entry_d,
          first_bread, serial_shops, nicolae_shop_window_shopping
Sewer:    sewer_kobolds

Skill      XL: |  1  2  3  4  5  6  7  8 |
---------------+-------------------------+-----
Stealth        | 1 2 3 4 6 7 |  7.0
Long Blades    | 4 5 7 |  7.9
Fighting       | 4 5 |  5.7
Dodging        | |  3.0

Action                   |  1- 3 |  4- 6 |  7- 9 || total
-------------------------+-------+-------+-------++-------
Melee: Falchion          |    54 |    93 |    71 ||   218
       Constrict         |    21 |    35 |    35 ||    91
       Tentacles         |    16 |    33 |    39 ||    88
       Dagger            |       |       |    41 ||    41
Invok: Berserk           |     1 |     2 |     3 ||     6
       Trog's Hand       |       |     1 |     1 ||     2
       Burn Spellbooks   |       |     1 |       ||     1
  Use: Potion            |       |     7 |     1 ||     8
       Scroll            |       |       |     4 ||     4
 Stab: Sleeping          |     8 |    11 |    12 ||    31
       Distracted        |       |       |     1 ||     1
  Eat: Chunk             |     1 |     9 |     8 ||    18
Armor: Skin              |     3 |     8 |     6 ||    17
Dodge: Dodged            |    29 |    71 |    50 ||   150
       Rpst.: Falchion   |     8 |    20 |    13 ||    41
